 Dungeon Crawl Stone Soup version 0.19-a0-1168-g98094fc (webtiles) character file.

389616 4thArraOfDagon the Brawler (level 21, -15/302 HPs)
             Began as a Troll Artificer on Aug 15, 2016.
             Was the Champion of Dithmenos.
             Killed from afar by an Ice Fiend (36 damage)
             ... with a bolt of cold
             ... summoned by a lich
             ... on level 5 of the Vaults.
             The game lasted 02:27:25 (21655 turns).

4thArraOfDagon the Brawler (Troll Artificer)       Turns: 21655, Time: 02:27:27

Health: -15/302    AC: 29    Str: 28    XL:     21   Next: 72%
Magic:  27/27      EV: 19    Int: 16    God:    Dithmenos [******]
Gold:   485        SH: 19    Dex: 12    Spells: 8 memorised, 12 levels left

rFire  . . .     SeeInvis +       - Unarmed
rCold  . . .     Gourm    +     (armour currently unavailable)
rNeg   + + .     Faith    .     Y - +5 shield
rPois  ∞         Spirit   .     A - +2 hat {SInv}
rElec  +         Dismiss  .     M - +2 cloak
rCorr  .         Reflect  .     (gloves unavailable)
MR     +....     Harm     .     (boots unavailable)
Stlth  ++........               Z - amulet of Vitality {Regen+ HP+15}
                                r - ring "Gytoc" {rElec rN+}
                                k - +5 ring of evasion

@: statue-form, slowed, wreathed by umbra, very slow
A: unfitting armour, claws 3, talons 1, agile 1, clever 1, deformed body, fast
metabolism 3, gourmand, low mp 1, regeneration 2, screaming 1, (shaggy fur 0),
electricity resistance, strong 1, (tough skin 0)
a: End Transformation, Shadow Step, Shadow Form, Renounce Religion
}: 3/15 runes: decaying, serpentine, slimy


You were on level 5 of the Vaults.
You worshipped Dithmenos.
Dithmenos was exalted by your worship.
You were very full.
You were a stone statue.
You visited 9 branches of the dungeon, and saw 45 of its levels.
You visited the Abyss 1 time.
You visited 1 bazaar.
You also visited: Ice Cave.

You collected 3705 gold pieces.
You spent 3220 gold pieces at shops.

Inventory:

Missiles
 q - 25 large rocks (quivered)
 u - a throwing net
Armour
 A - a +2 hat of see invisible (worn)
 L - the +0 cloak of the Ancient Seas {rN+ Regen+ Str-5}
   (You acquired it on level 4 of the Snake Pit)

   It affects your strength (-5).
   It protects you from negative energy.
   It increases your rate of regeneration.
 M - a +2 cloak (worn)
 O - a +2 robe of magic resistance (melded)
 U - the +2 cloak of the Thief {+Fog Slay-2 SInv Stlth+}
   (You found it on level 6 of the Lair of Beasts)

   It affects your accuracy and damage with ranged weapons and melee attacks
   (-2).
   It lets you see invisible.
   It can be evoked to emit clouds of fog.
   It makes you more stealthy.
 Y - a +5 shield (worn)
Magical Staves
 v - an uncursed staff of energy {!a}
 B - an uncursed staff of wizardry {!a}
Rods
 d - a +5 rod of inaccuracy (13/13)
   (You found it on level 5 of the Pits of Slime)
 e - a +4 rod of shadows (11/11)
   (You took it off a deep elf high priest on level 3 of the Elven Halls)
 h - a +5 iron rod (12/12)
   (You found it on level 5 of the Pits of Slime)
Jewellery
 b - an uncursed ring of protection from fire
 k - a +5 ring of evasion (left claw)
 r - the ring "Gytoc" (right claw) {rElec rN+}
   (You took it off a deep elf mage on level 3 of the Elven Halls)

   [ring of positive energy]

   It insulates you from electricity.
   It protects you from negative energy.
 t - an uncursed ring of wizardry
 C - the amulet "Nicaphuo" {Dismiss Str+3 Int+2 Dex+10}
   (You bought it in a shop in a bazaar)

   [amulet of dismissal]

   It may teleport away creatures that harm you.
   It affects your strength (+3).
   It affects your intelligence (+2).
   It affects your dexterity (+10).
 G - an uncursed ring of positive energy
 H - a +3 ring of intelligence
 I - an uncursed ring of flight
 X - an uncursed ring of ice
 Z - the amulet of Vitality (around neck) {Regen+ HP+15}
   (You found it on level 6 of the Lair of Beasts)

   [amulet of regeneration]

   It affects your health (+15).
   It increases your rate of regeneration.
Wands
 a - a wand of teleportation (0/9)
 c - a wand of acid (8/15)
 D - a wand of teleportation (2/9)
 J - a wand of disintegration (3/24)
 S - a wand of iceblast (8/15)
Scrolls
 n - 7 scrolls of remove curse
 s - 3 scrolls of fog
 x - 2 scrolls of enchant armour
 y - 3 scrolls of magic mapping
 V - 3 scrolls of recharging
 W - a scroll of identify
Potions
 g - 4 potions of berserk rage
 i - 2 potions of ambrosia
 j - 2 potions of resistance
 m - 3 potions of agility
 o - 7 potions of curing
 p - a potion of cure mutation
 w - 6 potions of cancellation
 z - a potion of magic
 K - a potion of haste
 N - a potion of invisibility
 Q - a potion of heal wounds
 T - 5 potions of lignification
Miscellaneous
 E - a fan of gales
 F - a phial of floods
Comestibles
 f - 9 bread rations
 l - 6 meat rations


   Skills:
 - Level 15.0 Fighting
   Level 0.7 Short Blades
 - Level 8.7 Dodging
 - Level 0.4 Stealth
 - Level 15.2 Shields
 * Level 16.4 Unarmed Combat
 - Level 7.0 Spellcasting
 - Level 3.3 Charms
 - Level 4.0 Necromancy
 - Level 9.4 Transmutations
 - Level 11.3 Earth Magic
 - Level 10.0 Invocations
 - Level 7.2 Evocations


You had 12 spell levels left.
You knew the following spells:

 Your Spells              Type           Power        Failure   Level  Hunger
a - Regeneration          Chrm/Necr      ###.......   12%         3    ##.....
b - Animate Skeleton      Necr           N/A          2%          1    None
c - Statue Form           Tmut/Erth      #####....    28%         6    #######
d - Passwall              Tmut/Erth      #####.....   1%          2    None
e - Passage of Golubria   Tloc           N/A          96%         4    ####...
f - Swiftness             Chrm/Air       ##......     12%         2    None
g - Sublimation of Blood  Necr           ###.......   4%          2    None
h - Repel Missiles        Chrm/Air       ##....       12%         2    None


Dungeon Overview and Level Annotations

Branches:
Dungeon (15/15)            Temple (1/1) D:7            Lair (6/6) D:11
  Swamp (4/4) Lair:4        Snake (4/4) Lair:3        Slime (5/5) Lair:5
    Orc (2/2) D:10            Elf (3/3) Orc:2        Vaults (5/5) D:14
  Crypt (0/3) Vaults:2
 Depths: D:15

Altars:
Ashenzari
Cheibriados
Dithmenos
Fedhas
Hepliaklqana
Kikubaaqudgha
Nemelex Xobeh
Pakellas
Qazlal
Sif Muna
Trog
Xom
Yredelemnul
The Shining One
Jiyva

Shops:
Orc:2 !}((   Elf:1 (!}*   Elf:2 =}}   Vaults:3 [   Vaults:4 :

Portals:
Trove: D:11 (give 14 potions of heal wounds)

Annotations:
D:8 4thArraOfDagon's ghost, novice VSMo
D:11 exclusion: downstairs
D:13 Urug
D:15 exclusion: upstairs
Lair:2 exclusion: upstairs
Lair:4 exclusion: downstairs
Swamp:4 Lernaean hydra
Elf:2 5 runed doors


Innate Abilities, Weirdness & Mutations

You are too large for most types of armour.
You have claws for hands.
Your metabolism is lightning-fast.
You like to eat raw meat.
You heal very quickly.
((You are covered in fur. (AC +1)))
((You have very tough skin. (AC +2)))
You have sharp toenails.
You are agile. (Dex +2)
Your mind is acute. (Int +2)
Armour fits poorly on your strangely shaped body.
Your magical capacity is low. (-10% MP)
You occasionally shout uncontrollably at your foes.
You are resistant to electric shocks. (rElec)
Your muscles are strong. (Str +2)


Message History

The Ice Fiend gestures at you. The bolt of cold misses you.
The Tzitzimitl gestures at you.
The bolt of negative energy hits the Ice Fiend.
The Ice Fiend completely resists.
The bolt of negative energy misses you. The Ice Fiend gestures at you.
The bolt of cold hits you!
* * * LOW HITPOINT WARNING * * *
Unknown command.
Unknown command.
Unknown command.
Okay, then.
Unknown command.
Unknown command.
Unknown command.
You feel much better. The Ice Fiend gestures at you.
The bolt of cold hits the Ice Fiend.
The Ice Fiend completely resists.
The bolt of cold hits you!
You die...

.....#.pp.#.....................
###..#....#}....................
#..#....#.... #......#......#.
#..#ppp.##...###....###....###
#....#....§#......#......#.
#..L.#.....)§.....#........
#....#....11).....#........
#....#...L1)().)..#.|......
#....#....8#..(.).#......#.
#...)##...#################
#..(.#.....#...(.:#}))...#(
#(.pp#............#/[...)).
#...p#............#........
#....#............#........
#....#.....#......#......#.
#..D.##...###....###)...###
#....#.....#.....)#).....#.


You could see a Tzitzimitl, 2 Ice Fiends and a lich (invisible).

Vanquished Creatures
  Saint Roka (Elf:3)
  A golden dragon (shapeshifter) (Vaults:5)
  3 golden dragons (Vaults:5)
  Nikola (Snake:3)
  4 tentacled monstrosities (Vaults:5)
  A deep elf master archer (Elf:3)
  A deep elf blademaster (Elf:3)
  14 acid blobs
  2 tentacled starspawn (Abyss:2)
  Kirke (Snake:1)
  3 sphinxes
  A tengu reaver (Vaults:5)
  Agnes (Snake:3)
  2 storm dragons (Vaults:5)
  5 shadow dragons (Vaults:5)
  Roxanne (Elf:3)
  6 azure jellies
  A thorn hunter (Swamp:4)
  6 greater nagas
  3 fire giants
  An iron dragon (Vaults:5)
  14 vault wardens
  2 frost giants
  Aizul (Lair:3)
  10 deep elf sorcerers
  A draconian shifter (Abyss:2)
  5 deep elf elementalists
  13 ironheart preservers
  3 very ugly things (Vaults:2)
  4 stone giants
  2 war gargoyles (Vaults:5)
  3 deep elf demonologists
  A dire elephant (Lair:5)
  7 deep elf annihilators (Elf:3)
  6 deep elf death magi
  4 ettins
  A fire dragon (Vaults:4)
  A death ooze (Slime:5)
  6 deep elf high priests
  7 yaktaur captains
  3 great orbs of eyes
  24 vault guards
  10 naga warriors
  An ice dragon (Vaults:3)
  A ghost crab (shapeshifter) (Vaults:5)
  A merfolk avatar (Lair:6)
  A death knight (Vaults:3)
  16 hydras
  3 ogre magi
  2 ghost crabs
  17 anacondas
  The ghost of sergedm the Eclecticist, a journeyman DECj of Vehumet (D:13)
  A deep troll shaman (Vaults:4)
  A deep troll earth mage (Vaults:5)
  16 dancing weapons
  4 centaur warriors
  6 death yaks (Lair:6)
  3 orc high priests (Orc:2)
  12 naga sharpshooters
  2 sea snakes (Lair:6)
  A shock serpent (shapeshifter) (Vaults:4)
  17 deep elf knights
  6 shock serpents
  A wretched star (Abyss:2)
  A shadow wraith (Vaults:3)
  A storm dragon skeleton (Abyss:2)
  10 deep trolls
  9 large abominations
  3 salamander mystics (Snake:4)
  12 swamp dragons
  A spriggan druid (Swamp:3)
  A flayed ghost (Vaults:5)
  4 naga ritualists
  An unseen horror (shapeshifter) (Vaults:3)
  20 deep elf archers
  2 wizards
  A mana viper (shapeshifter) (Vaults:5)
  54 deep elf magi
  5 hill giants
  2 necromancers
  9 ironbrand convokers
  An orb spider (shapeshifter) (Elf:3)
  A fire giant zombie (Vaults:4)
  10 orc knights
  5 ugly things (D:14)
  A stone giant zombie (Vaults:3)
  6 salamanders
  6 orc sorcerers
  4 wolf spiders
  5 griffons
  A cyclops (D:14)
  2 shining eyes (Slime:5)
  A worldbinder (Abyss:2)
  3 hornets
  2 manticores
  18 elephants
  14 vault sentinels
  14 naga magi
  A water nymph (shapeshifter) (Vaults:5)
  An apocalypse crab (Abyss:2)
  12 guardian serpents
  2 ice statues (IceCv)
  18 black mambas
  A rust devil (Abyss:2)
  3 smoke demons (Abyss:2)
  An orange demon (Abyss:2)
  3 centaur skeletons
  A black mamba (shapeshifter) (Abyss:2)
  2 gargoyles (D:14)
  3 eyes of devastation
  10 spiny frogs
  5 komodo dragons
  23 yaktaurs
  A hellwing (Abyss:2)
  9 ice devils
  A komodo dragon (shapeshifter) (Elf:1)
  A yaktaur (shapeshifter) (Vaults:5)
  2 freezing wraiths
  4 rime drakes
  An ancient zyme (Abyss:2)
  4 trolls
  A wind drake (shapeshifter) (D:15)
  4 polar bears
  A wind drake (Lair:6)
  7 two-headed ogres
  2 giant leeches
  85 slime creatures
  2 bog bodies
  An ettin zombie (Vaults:3)
  A boulder beetle (Vaults:3)
  2 spriggans
  The ghost of Yermak the Cruncher, an amateur DEWn of Hepliaklqana (D:5)
  8 starcursed masses (Abyss:2)
  3 shadows
  A ynoxinul (Abyss:2)
  5 water elementals (Elf:1)
  2 wraiths
  An air elemental (Elf:3)
  4 flying skulls (Abyss:2)
  2 wyverns
  2 hogs (Snake:1)
  25 yaks
  A vampire (D:12)
  2 basilisks
  A chaos spawn (Abyss:2)
  A fire elemental (Elf:1)
  2 golden eyes (Slime:5)
  9 vampire mosquitoes
  A hungry ghost (D:15)
  A neqoxec (Abyss:2)
  A steam dragon (shapeshifter) (Vaults:5)
  4 hippogriffs
  An elf skeleton (Vaults:4)
  40 nagas
  12 swamp worms
  A deep troll zombie (Vaults:4)
  4 mottled dragons
  8 water moccasins
  4 porcupines
  8 small abominations
  4 hell hounds (Abyss:2)
  9 swamp drakes (Swamp:4)
  3 sky beasts
  26 orc warriors
  8 wasps
  4 ice beasts
  A necrophage (D:9)
  18 ogres
  6 wolves (Lair:1)
  7 boggarts (Vaults:3)
  2 phantoms
  2 eyes of draining
  18 centaurs
  10 crocodiles
  3 big kobolds
  A human zombie (Vaults:3)
  4 earth elementals
  9 giant frogs
  A human skeleton (Vaults:4)
  A scorpion (D:13)
  A killer bee (D:11)
  10 wights
  2 electric eels
  3 howler monkeys (D:11)
  3 crimson imps (D:5)
  2 quasits (Abyss:2)
  2 giant frog zombies
  14 orc priests
  4 jellies
  2 hounds
  16 orc wizards
  2 giant frog skeletons
  4 iguanas
  4 worker ants
  7 sheep (Lair:6)
  A worker ant zombie (D:9)
  3 gnolls (D:5)
  3 adders
  56 river rats
  A shadow imp (D:5)
  8 white imps (IceCv)
  9 ufetubi
  3 adder skeletons
  3 worms
  5 giant geckos
  53 orcs
  5 giant cockroaches
  2 goblins (D:1)
  A hobgoblin (D:3)
  A jackal (D:4)
  14 kobolds
  2 quokkas
  2 ball pythons
  A giant cockroach zombie (D:5)
  A giant gecko skeleton (D:5)
  3 giant newts
  A jackal skeleton (D:7)
  A rat (D:1)
  6 crawling corpses
  A plant (D:11)
1299 creatures vanquished.

Vanquished Creatures (collateral kills)
  the Royal Jelly (Slime:5)
  2 acid blobs (Slime:5)
  A hydra (Lair:6)
  2 shining eyes (Slime:5)
  A rime drake (Lair:6)
  A slime creature (Slime:4)
  4 yaks
  A sky beast (D:7)
  A centaur (D:9)
  A scorpion (D:7)
  A wight (D:11)
16 creatures vanquished.

Vanquished Creatures (others)
  A reaper (IceCv)
  A deep elf high priest (Vaults:5)
  A deep elf knight (Elf:1)
  A wizard (D:14)
  A tengu skeleton (Vaults:3)
  A black mamba (Snake:3)
  3 yaks
  A hippogriff (D:9)
  A crimson imp (D:13)
  3 white imps (IceCv)
  3 ufetubi (IceCv)
  A giant cockroach (Swamp:4)
  A crawling corpse (Vaults:1)
  A fulminant prism (D:13)
  23 fungi
  8 plants
  9 starspawn tentacles (Abyss:2)
60 creatures vanquished.

Grand Total: 1375 creatures vanquished

Notes
Turn   | Place    | Note
-------+----------+-------------------------------------------
     0 | D:1      | 4thArraOfDagon the Troll Artificer began the quest for the Orb.
     0 | D:1      | Reached XP level 1. HP: 18/18 MP: 1/1
     0 | D:1      | 4thArraOfDagon: will be gut this time
     0 | D:1      | jacquesderrida: heh
   114 | D:2      | Reached skill level 1 in Unarmed Combat
   200 | D:2      | Reached XP level 2. HP: 22/26 MP: 2/2
   277 | D:3      | Reached skill level 2 in Unarmed Combat
   379 | D:3      | Reached skill level 3 in Unarmed Combat
   379 | D:3      | Reached XP level 3. HP: 32/32 MP: 3/3
   543 | D:4      | Reached XP level 4. HP: 30/40 MP: 4/4
   552 | D:5      | Entered Level 5 of the Dungeon
   617 | D:5      | Noticed Yermak's ghost (amateur DEWn)
   678 | D:6      | Found a sparkling altar of Nemelex Xobeh.
   679 | D:6      | Noticed a sky beast
   699 | D:6      | Killed a sky beast
   699 | D:6      | Reached skill level 5 in Unarmed Combat
   699 | D:6      | Reached XP level 5. HP: 20/46 MP: 5/5
   706 | D:6      | Found a basalt altar of Yredelemnul.
   708 | D:6      | Found a snail-covered altar of Cheibriados.
   711 | D:6      | Found a glowing golden altar of the Shining One.
   712 | D:6      | Found a hazy altar of Hepliaklqana.
   748 | D:6      | Found a bloodstained altar of Trog.
   771 | D:6      | Noticed an ogre
   828 | D:6      | jacquesderrida: reee
   855 | D:6      | jacquesderrida: Ogar ststus: betrayed
   859 | D:6      | Killed an ogre
   859 | D:6      | Reached skill level 6 in Unarmed Combat
   859 | D:6      | Reached XP level 6. HP: 32/54 MP: 6/6
   918 | D:7      | jacquesderrida: Ooooooooooooooo
   922 | D:7      | jacquesderrida: lale
   937 | D:7      | jacquesderrida: DREGIN
   948 | D:7      | jacquesderrida: ARMIR
   953 | D:7      | Noticed a sky beast
   960 | D:7      | Noticed a hippogriff
   985 | D:5      | jacquesderrida: time to ENTER THE DRAGING
   992 | D:5      | Killed Yermak's ghost
   992 | D:5      | Reached skill level 7 in Unarmed Combat
   992 | D:5      | Reached XP level 7. HP: 49/61 MP: 7/7
  1012 | D:5      | Found a stormy altar of Qazlal.
  1115 | D:5      | Reached skill level 8 in Unarmed Combat
  1203 | D:5      | You fall through a shaft for 3 floors!
  1218 | D:8      | Noticed 4thArraOfDagon's ghost (novice VSMo)
  1232 | D:8      | Found an ancient bone altar of Kikubaaqudgha.
  1233 | D:8      | Found a blossoming altar of Fedhas.
  1273 | D:7      | Reached skill level 9 in Unarmed Combat
  1277 | D:7      | Reached XP level 8. HP: 59/68 MP: 8/8
  1286 | D:7      | Gained mutation: You have sharp toenails. [mutagenic meat]
  1432 | D:7      | Found a staircase to the Ecumenical Temple.
  1443 | Temple   | Entered the Ecumenical Temple
  1457 | Temple   | Became a worshipper of Dithmenos the Shadowed
  1460 | Temple   | DRAGIN
  1548 | D:7      | Reached skill level 10 in Unarmed Combat
  1614 | D:8      | jacquesderrida: Instaleaving iguanir
  1784 | D:9      | Reached skill level 11 in Unarmed Combat
  1816 | D:8      | Noticed a two-headed ogre
  1940 | D:8      | jacquesderrida: ooo
  1941 | D:8      | Killed a two-headed ogre
  1941 | D:8      | Reached XP level 9. HP: 49/75 MP: 9/9
  2027 | D:9      | Reached skill level 12 in Unarmed Combat
  2124 | D:9      | Noticed a troll
  2154 | D:9      | Killed a troll
  2226 | D:9      | Reached * piety under Dithmenos
  2280 | D:9      | Reached skill level 13 in Unarmed Combat
  2329 | D:10     | Entered Level 10 of the Dungeon
  2383 | D:10     | Found a staircase to the Orcish Mines.
  2385 | D:10     | Noticed a hill giant
  2416 | D:10     | Killed a hill giant
  2507 | D:10     | Reached XP level 10. HP: 65/83 MP: 10/10
  2534 | D:11     | Found a staircase to the Lair.
  2612 | D:11     | Found an oddly glowing altar of Pakellas.
  2691 | D:11     | Found a portal to a secret trove of treasure.
  2744 | D:11     | Reached skill level 14 in Unarmed Combat
  2762 | D:11     | Reached ** piety under Dithmenos
  3051 | D:12     | Reached skill level 1 in Fighting
  3097 | D:11     | Reached skill level 15 in Unarmed Combat
  3155 | D:12     | Noticed a cyclops
  3156 | D:12     | Noticed an eye of devastation
  3156 | D:12     | a cyclops changed into an eye of devastation
  3473 | D:12     | Reached XP level 11. HP: 83/96 MP: 11/11
  3482 | D:12     | Reached *** piety under Dithmenos
  3517 | D:13     | Noticed a centaur warrior
  3541 | D:12     | 4thArraOfDagon: hmm
  3541 | D:12     | 4thArraOfDagon: it seems
  3541 | D:12     | 4thArraOfDagon: they have removed ev penalty
  3541 | D:12     | 4thArraOfDagon: upon going down the stairs
  3693 | D:14     | jacquesderrida: frast
  3720 | D:14     | jacquesderrida: o
  3726 | D:14     | jacquesderrida: gargel
  3912 | D:14     | Found a frozen archway.
  3926 | IceCv    | Entered an ice cave
  3957 | IceCv    | Reached **** piety under Dithmenos
  3982 | IceCv    | Reached skill level 16 in Unarmed Combat
  4043 | IceCv    | Killed a reaper
  4215 | IceCv    | Reached skill level 5 in Dodging
  4300 | IceCv    | Reached skill level 5 in Fighting
  4481 | D:15     | Entered Level 15 of the Dungeon
  4524 | D:15     | Reached skill level 1 in Invocations
  4592 | D:14     | Noticed a vault warden
  4592 | D:14     | :O
  4655 | D:15     | Noticed a griffon
  4665 | D:15     | Killed a griffon
  4665 | D:15     | Reached skill level 1 in Shields
  4680 | D:15     | Noticed a hill giant
  4690 | D:15     | Killed a hill giant
  4720 | D:15     | Noticed a hill giant
  4730 | D:15     | Killed a hill giant
  4730 | D:15     | Reached XP level 12. HP: 93/111 MP: 12/12
  4973 | D:14     | Found a gate to the Vaults.
  5173 | D:14     | Reached ***** piety under Dithmenos
  5214 | D:14     | Gained mutation: Your muscles are strong. (Str +2) [mutagenic meat]
  5217 | D:14     | Gained mutation: You occasionally shout uncontrollably at your foes. [mutagenic meat]
  5220 | D:14     | Gained mutation: You are robust. (+10% HP) [mutagenic meat]
  5223 | D:14     | Gained mutation: You are resistant to electric shocks. (rElec) [mutagenic meat]
  5226 | D:14     | Gained mutation: You are agile. (Dex +2) [mutagenic meat]
  5285 | D:14     | Reached skill level 5 in Shields
  5376 | D:13     | Noticed sergedm's ghost (journeyman DECj)
  5397 | D:13     | Killed sergedm's ghost
  5473 | D:13     | Killed a centaur warrior
  5512 | D:13     | Noticed a centaur warrior
  5515 | D:13     | Noticed Urug
  5685 | Orc:1    | Entered Level 1 of the Orcish Mines
  5878 | Orc:2    | Entered Level 2 of the Orcish Mines
  5905 | Orc:2    | Found a staircase to the Elven Halls.
  6297 | Orc:2    | Noticed an orc high priest
  6297 | Orc:2    | Noticed an orc high priest
  6318 | Orc:2    | Killed an orc high priest
  6321 | Orc:2    | Killed an orc high priest
  6347 | Orc:2    | Reached XP level 13. HP: 50/129 MP: 15/15
  6754 | Orc:2    | Found Xuuneow's Antique Weapon Shoppe.
  6754 | Orc:2    | Found Ypeuw's Distillery.
  6755 | Orc:2    | Found Higoeklo's Weapon Boutique.
  6760 | Orc:2    | Found Maeleess's Gadget Boutique.
  6808 | Orc:2    | Bought a potion of heal wounds for 70 gold pieces
  6808 | Orc:2    | Bought a potion of brilliance for 56 gold pieces
  6808 | Orc:2    | Bought a potion of beneficial mutation for 490 gold pieces
  6808 | Orc:2    | Bought a potion of heal wounds for 70 gold pieces
  6808 | Orc:2    | Bought a potion of lignification for 42 gold pieces
  6808 | Orc:2    | Bought a potion of lignification for 42 gold pieces
  6808 | Orc:2    | Bought a potion of flight for 42 gold pieces
  6808 | Orc:2    | Gained mutation: Your mind is acute. (Int +2) [potion of beneficial mutation]
  6954 | Lair:1   | Entered Level 1 of the Lair of Beasts
  7056 | Lair:1   | Reached ****** piety under Dithmenos
  7399 | Lair:3   | Found a staircase to the Snake Pit.
  7586 | Lair:5   | Reached skill level 10 in Shields
  7772 | Lair:5   | Noticed a dire elephant
  7799 | Lair:5   | Killed a dire elephant
  8044 | Lair:5   | Found a staircase to the Slime Pits.
  8044 | Lair:5   | Found a viscous altar of Jiyva.
  8103 | Lair:6   | Entered Level 6 of the Lair of Beasts
  8320 | Lair:6   | Reached XP level 14. HP: 96/139 MP: 16/16
  8636 | Lair:6   | Learned a level 3 spell: Regeneration
  8638 | Lair:6   | Learned a level 1 spell: Animate Skeleton
  9152 | Lair:3   | Found a shimmering altar of Xom.
  9258 | Snake:1  | Entered Level 1 of the Snake Pit
  9270 | Snake:1  | Noticed Aizul
  9297 | Lair:3   | Killed Aizul
  9346 | Snake:1  | Noticed Kirke
  9530 | Lair:4   | Found a staircase to the Swamp.
  9599 | Swamp:1  | Entered Level 1 of the Swamp
  9925 | Elf:1    | Entered Level 1 of the Elven Halls
  9952 | Elf:1    | Noticed a deep elf sorcerer
  9961 | Elf:1    | Killed a deep elf sorcerer
 10280 | Elf:1    | Found Iqoyramuts's Gadget Shop.
 10283 | Elf:1    | Found Luaqyl's General Store.
 10283 | Elf:1    | Found Sagic Sym's Antique Weapon Boutique.
 10287 | Elf:1    | Found Xaroppu's Distillery.
 10297 | Elf:1    | Bought a potion of lignification for 45 gold pieces
 10297 | Elf:1    | Bought a potion of heal wounds for 75 gold pieces
 10297 | Elf:1    | Bought a potion of heal wounds for 75 gold pieces
 10309 | Elf:1    | Bought a wand of teleportation (5/9) for 432 gold pieces
 10633 | Elf:1    | Reached XP level 15. HP: 146/146 MP: 17/17
 10878 | Elf:1    | Reached skill level 15 in Shields
 11027 | Elf:1    | Bought a wand of disintegration (7/24) for 176 gold pieces
 11345 | Elf:2    | Reached skill level 1 in Spellcasting
 11527 | Elf:2    | Found Deyrej's Gadget Emporium.
 11528 | Elf:2    | Found Zius's Jewellery Shop.
 11529 | Elf:2    | Found Iskois's Gadget Emporium.
 11657 | Elf:2    | Found a deep blue altar of Sif Muna.
 11699 | Elf:3    | Entered Level 3 of the Elven Halls
 11903 | Elf:3    | Noticed Roxanne
 11938 | Elf:3    | Killed Roxanne
 11955 | Elf:3    | Identified Roxanne's Incunabulum of Shape Shifting (You took it off Roxanne on level 3 of the Elven Halls)
 11963 | Elf:3    | Learned a level 6 spell: Statue Form
 11966 | Elf:3    | Learned a level 2 spell: Passwall
 12087 | Elf:3    | Reached skill level 1 in Earth Magic
 12096 | Elf:3    | Reached skill level 1 in Transmutations
 12370 | Elf:3    | Noticed a deep elf sorcerer
 12372 | Elf:3    | Noticed a deep elf sorcerer
 12379 | Elf:3    | Killed a deep elf sorcerer
 12384 | Elf:3    | Killed a deep elf sorcerer
 12402 | Elf:3    | Noticed a deep elf sorcerer
 12409 | Elf:3    | Killed a deep elf sorcerer
 12428 | Elf:3    | Noticed a deep elf master archer
 12431 | Elf:3    | Killed a deep elf master archer
 12431 | Elf:3    | Reached XP level 16. HP: 91/155 MP: 21/21
 12452 | Elf:3    | Reached skill level 5 in Earth Magic
 12609 | Elf:3    | Got a shimmering turquoise ring
 12629 | Elf:3    | Identified the ring "Gytoc" {rElec rN+} (You took it off a deep elf mage on level 3 of the Elven Halls)
 12653 | Elf:3    | Turgon: Oh. "Killed roxanne". This means statue form will be available, right?
 12686 | Elf:2    | Noticed Saint Roka
 12693 | Elf:2    | Found a huge runed gate.
 12693 | Elf:2    | Found a huge runed gate.
 12693 | Elf:2    | Found a huge runed gate.
 12693 | Elf:2    | Found a huge runed gate.
 12707 | Elf:2    | Found a huge runed gate.
 12710 | Elf:2    | 4thArraOfDagon: ya
 12945 | Elf:3    | Reached skill level 5 in Transmutations
 13037 | Elf:3    | Got an iridescent mace {speed}
 13038 | Elf:3    | Identified the +6 mace of Weab {speed, +Fly rC+} (You took it off a deep elf annihilator on level 3 of the Elven Halls)
 13070 | Elf:3    | Cast into level 2 of the Abyss (a deep elf demonologist)
 13071 | Abyss:2  | ty
 13135 | Abyss:2  | Reached skill level 5 in Spellcasting
 13447 | Abyss:2  | Found a corrupted altar of Lugonu.
 13559 | Abyss:2  | Noticed a tentacled starspawn
 13575 | Abyss:2  | Killed a tentacled starspawn
 13590 | Abyss:2  | Gained mutation: Your magical capacity is low. (-10% MP) [a neqoxec]
 13593 | Abyss:2  | Gained mutation: Armour fits poorly on your strangely shaped body. [a neqoxec]
 13681 | Abyss:2  | Noticed a tentacled starspawn
 13697 | Abyss:2  | Killed a tentacled starspawn
 13748 | Elf:3    | Escaped the Abyss
 13774 | Elf:3    | Noticed a Brimstone Fiend
 13988 | Elf:3    | Got a jewelled trident {pierce}
 13989 | Elf:3    | Identified the +7 trident "Pendulum" {pierce, rF+ Str+3} (You took it off a deep elf death mage on level 3 of the Elven Halls)
 14013 | Elf:3    | Noticed a deep elf blademaster
 14070 | Elf:3    | Killed a deep elf blademaster
 14149 | Elf:3    | Learned a level 4 spell: Passage of Golubria
 14152 | Elf:3    | Learned a level 2 spell: Swiftness
 14202 | Elf:3    | Turgon: Cloak of the Thief!
 14206 | Elf:3    | Identified the Handbook of Cloudy Evil
 14210 | Elf:3    | Learned a level 2 spell: Sublimation of Blood
 14212 | Elf:3    | Identified the Tome of Summoning
 14284 | Elf:3    | 4thArraOfDagon: lets roll
 14303 | Elf:3    | Killed Saint Roka
 14303 | Elf:3    | Reached XP level 17. HP: 142/163 MP: 18/21
 14306 | Elf:3    | Turgon: how much failure of statue form with ring wiz?
 14345 | Elf:2    | 4thArraOfDagon: 45
 14345 | Elf:2    | Turgon: argh
 14345 | Elf:2    | 4thArraOfDagon: should be enough for lair
 14346 | Elf:2    | Turgon: argh x2
 14360 | Elf:1    | Bought a scroll of magic mapping for 45 gold pieces
 14360 | Elf:1    | Bought a scroll of identify for 26 gold pieces
 14360 | Elf:1    | Bought a potion of resistance for 130 gold pieces
 14360 | Elf:1    | 4thArraOfDagon: got rcorr pot!
 14360 | Elf:1    | Turgon: *transformed into a wisp and blinking around*
 14365 | Elf:1    | 4thArraOfDagon: haha
 14365 | Elf:1    | 4thArraOfDagon: yeah
 14365 | Elf:1    | 4thArraOfDagon: i bet it will be another contribution to 'famous last words' topic
 14365 | Elf:1    | 4thArraOfDagon: :S
 14365 | Elf:1    | Bought a potion of cure mutation for 375 gold pieces
 14365 | Elf:1    | Bought a potion of cancellation for 120 gold pieces
 14365 | Elf:1    | Bought a potion of curing for 45 gold pieces
 14459 | D:11     | Turgon: well, with some care this game is won
 14474 | D:11     | where am i going
 14556 | Lair:3   | Turgon: inscribed staff wiz with !a ?
 14573 | Lair:3   | 4thArraOfDagon: oh yes,thx
 14573 | Lair:3   | 4thArraOfDagon: its auto-inscribed
 14573 | Lair:3   | 4thArraOfDagon: apparently
 14573 | Lair:3   | Turgon: nice
 14838 | Snake:2  | Turgon: Why don't you wear cloak of the Thief?
 14888 | Snake:2  | Turgon: Mind the -slay?
 14933 | Snake:2  | Turgon: Free fog!
 14944 | Snake:2  | 4thArraOfDagon: i know
 14944 | Snake:2  | 4thArraOfDagon: have to get ~15 on statue
 14998 | Snake:3  | Noticed Agnes
 15005 | Snake:3  | Killed Agnes
 15041 | Snake:3  | Noticed Nikola
 15041 | Snake:3  | Noticed Mara
 15055 | Snake:3  | Noticed 4thArraOfDagon's illusion
 15058 | Snake:3  | Turgon: unique party
 15060 | Snake:3  | Noticed 4thArraOfDagon's illusion
 15060 | Snake:3  | Turgon: and so many maras!
 15065 | Snake:3  | Killed Nikola
 15155 | Snake:4  | Entered Level 4 of the Snake Pit
 15385 | Snake:4  | Reached skill level 10 in Earth Magic
 15418 | Snake:4  | Identified a scroll of acquirement
 15420 | Snake:4  | Got a scorched cloak
 15445 | Snake:4  | Identified the +0 cloak of the Ancient Seas {rN+ Regen+ Str-5} (You acquired it on level 4 of the Snake Pit)
 15445 | Snake:4  | hyh
 15695 | Snake:4  | Found a shattered altar of Ashenzari.
 16019 | Snake:4  | Reached XP level 18. HP: 168/172 MP: 20/24
 16109 | Snake:4  | Reached skill level 5 in Invocations
 16180 | Snake:4  | Got a serpentine rune of Zot
 16216 | Snake:3  | Turgon: First time I see this kind of rune vault in snake
 16261 | Snake:2  | 4thArraOfDagon: its not that popular but have seen it few times
 16306 | Snake:1  | Killed Kirke
 16434 | Swamp:1  | Turgon: Statue form in early lair branches is overpowered
 16572 | Swamp:3  | Identified a +4 rod of shadows (11/11) (You took it off a deep elf high priest on level 3 of the Elven Halls)
 16585 | Swamp:4  | Entered Level 4 of the Swamp
 16679 | Swamp:4  | 4thArraOfDagon: yea its like free 3runes
 16842 | Swamp:4  | Noticed the 27-headed Lernaean hydra
 16843 | Swamp:4  | 4thArraOfDagon: hmm
 16900 | Swamp:3  | Got an opalescent robe
 16912 | Swamp:3  | Identified the +1 robe "Qunaxisu" {rC+} (You acquired it on level 3 of the Swamp)
 17206 | Swamp:4  | Got a decaying rune of Zot
 17261 | Swamp:4  | Turgon: I wonder why you didn't kill the 27-h boss with, let's say, haste and statue form
 17268 | Swamp:4  | Turgon: you had 29 AC
 17281 | Swamp:4  | Turgon: this should work imo
 17295 | Swamp:3  | 4thArraOfDagon: 1haste
 17295 | Swamp:3  | Turgon: or + might or ag
 17295 | Swamp:3  | 4thArraOfDagon: need it for trj
 17295 | Swamp:3  | 4thArraOfDagon: no might
 17351 | Swamp:2  | Turgon: @?? lerneaen hydra
 17354 | Swamp:2  | beem: unknown monster: "lerneaen hydra"
 17376 | Swamp:2  | Turgon: @?? lernaean hydra
 17421 | Swamp:2  | Turgon: @?? lernaean
 17421 | Swamp:2  | beem: unknown monster: "lernaean"
 17435 | Swamp:2  | Turgon: @?? lernaean_hydra
 17438 | Swamp:2  | beem: the Lernaean hydra (D)
                  | Spd: 10 (swim: 60%)
                  | HD: 30
                  | HP: 131-176
                  | AC/EV: 0/5
                  | Dam: 18 per head
                  | amphibious, cold-blooded, regen
                  | Res: magic(120), poison, drown
                  | Chunks: noxious
                  | XP:
  5250 | Sz: Giant | Int: animal.
 17475 | Swamp:1  | Turgon: lernaean doesn't see inv
 17499 | Swamp:1  | 4thArraOfDagon: i've done it once
 17499 | Swamp:1  | Turgon: so this probably would have worked
 17499 | Swamp:1  | 4thArraOfDagon: with stone claws, invis and zerk
 17499 | Swamp:1  | 4thArraOfDagon: i barelly killed her
 17499 | Swamp:1  | Turgon: mhmm
 17499 | Swamp:1  | 4thArraOfDagon: choked on very last hit
 17499 | Swamp:1  | 4thArraOfDagon: it was me or hydra
 17499 | Swamp:1  | Turgon: have you really been invisible? not standing in water?
 17499 | Swamp:1  | 4thArraOfDagon: not sure about water
 17499 | Swamp:1  | 4thArraOfDagon: water is -50% dmg?
 17499 | Swamp:1  | Turgon: water is no invisibility
 17499 | Swamp:1  | Turgon: trolls and ogres don't get accuracy penalty in water
 17499 | Swamp:1  | Turgon: others get acc penalty
 17499 | Swamp:1  | Turgon: ?? water
 17499 | Swamp:1  | beem: water[1/1]: See {deep water} or {shallow water}.
 17499 | Swamp:1  | 4thArraOfDagon: aha ok
 17503 | Swamp:1  | Turgon: ?? shallow_water
 17503 | Swamp:1  | beem: shallow water[1/2]: Waist-deep pools of water. Moving through this stuff is gonna be really slow! All but Ogre, Troll, Centaur, Gray draconian, Naga, Merfolk, or Octopode players in shallow water will fumble their attack 4-out-of-DEX times, and 20% of the time regardless as well. Monsters will fumble their attack 1/4 of the time.
 17517 | Lair:4   | 4thArraOfDagon: how tough trj will be without might
 17517 | Lair:4   | 4thArraOfDagon: it may work i think
 17517 | Lair:4   | 4thArraOfDagon: with mirror
 17537 | Lair:4   | Turgon: you have rod of shadows for summoning
 17551 | Lair:4   | 4thArraOfDagon: hmm yea
 17551 | Lair:4   | Turgon: and yes, I'd use mirror
 17556 | Lair:4   | Turgon: I've always been really careful with royal boss
 17585 | Lair:4   | Turgon: sometimes doing it as 15th rune!
 17591 | Lair:5   | 4thArraOfDagon: haha
 17615 | Lair:5   | Turgon: due to bad experience
 17628 | Slime:1  | Entered Level 1 of the Pits of Slime
 17692 | Slime:2  | Turgon: well, with Ash abyssal is rune #3 as default imo
 17711 | Slime:2  | Reached skill level 10 in Invocations
 17792 | Slime:3  | 4thArraOfDagon: personally i started believing that ash is best god
 17792 | Slime:3  | 4thArraOfDagon: it is just hard time at beggining
 17792 | Slime:3  | Turgon: starting weak unfortunately
 17792 | Slime:3  | 4thArraOfDagon: ye
 17822 | Slime:4  | Turgon: I always like to know what's going around me in the dungeon
 17841 | Slime:4  | Turgon: without Ash you're kind of blind
 17873 | Slime:4  | Reached skill level 5 in Evocations
 17873 | Slime:4  | Reached XP level 19. HP: 181/181 MP: 19/25
 18050 | Slime:5  | Entered Level 5 of the Pits of Slime
 18146 | Slime:4  | Turgon: And btw, Bart played Ash for a long time after he found out how good Ash is
 18263 | Slime:5  | 4thArraOfDagon: yea i remember
 18263 | Slime:5  | 4thArraOfDagon: did you see him recently?
 18316 | Slime:5  | Turgon: He made a post in tavern about an offline game recently
 18417 | Slime:5  | Turgon: and said he doesn't like playing on server with lag
 18496 | Slime:5  | Found a viscous altar of Jiyva.
 18507 | Slime:5  | Noticed the Royal Jelly
 18507 | Slime:5  | Lost mutation: You are robust. (+10% HP) [a shining eye]
 18514 | Slime:5  | Killed the Royal Jelly
 18525 | Slime:5  | 4thArraOfDagon: so two hits without might
 18525 | Slime:5  | Turgon: so easy in statue form again
 18525 | Slime:5  | 4thArraOfDagon: !!!!
 18525 | Slime:5  | 4thArraOfDagon: is 100+dmg?
 18525 | Slime:5  | hyperhazel: ??!
 18525 | Slime:5  | beem: ]![1/3]: ! adds an annotation to your current floor. ! (glyph) represents a potion. See ![2] for !'s on hit.
 18525 | Slime:5  | Turgon: ?? !!!!
 18525 | Slime:5  | beem: ]![2/3]: If you hit something and the message ends with !, that means you did 7-17 damage. !!: 18-35. !!!: 36-71. !!!!: 72-143. !!!!!: 144-287. !!!!!!: 288+; and so on. Yikes!
 18525 | Slime:5  | 4thArraOfDagon: o ok
 18525 | Slime:5  | 4thArraOfDagon: so yeah
 18525 | Slime:5  | Turgon: thx beem
 18569 | Slime:5  | Turgon: Here's Bart's post - a challenge game, only pushing skills in second column (!)
 18571 | Slime:5  | Got a slimy rune of Zot
 18575 | Slime:5  | Turgon: https://crawl.develz.org/tavern/viewtopic.php?f=12&t=21132&sid=b0015fe9be52f5a87568a028cbbde517
 18671 | Slime:5  | Identified the Incunabulum of Thrice Damned Blessings
 19058 | Vaults:1 | Entered Level 1 of the Vaults
 19132 | Vaults:1 | TY
 19264 | Vaults:1 | Reached skill level 1 in Necromancy
 19281 | Vaults:1 | Reached skill level 1 in Charms
 19369 | Vaults:2 | Found a staircase to the Crypt.
 19706 | Vaults:3 | Reached XP level 20. HP: 180/180 MP: 19/26
 19782 | Vaults:3 | Found a flickering gateway to a bazaar.
 19806 | Bazaar   | Entered a bazaar
 19806 | Bazaar   | Found Qyticipp's Book Boutique.
 19806 | Bazaar   | Found Mommagha's Armour Boutique.
 19830 | Bazaar   | Found Wiaferib's Jewellery Boutique.
 19852 | Bazaar   | 4thArraOfDagon: hmmm
 19852 | Bazaar   | Bought the amulet "Nicaphuo" {Dismiss Str+3 Int+2 Dex+10} for 479 gold pieces
 20094 | Vaults:3 | Found Doakhion's Armour Boutique.
 20375 | Vaults:4 | Reached skill level 10 in Fighting
 20526 | Vaults:4 | Turgon: I wonder how much help Dith is for this char
 20591 | Vaults:4 | Found Yqinifiw's Book Shoppe.
 20616 | Vaults:4 | Bought a book of Air for 385 gold pieces
 20619 | Vaults:4 | Learned a level 2 spell: Repel Missiles
 20635 | Vaults:4 | 4thArraOfDagon: not much
 20846 | Vaults:5 | Entered Level 5 of the Vaults
 21046 | Vaults:5 | Identified a +5 rod of inaccuracy (13/13) (You found it on level 5 of the Pits of Slime)
 21113 | Vaults:5 | Reached XP level 21. HP: 123/209 MP: 25/27
 21217 | Vaults:5 | Noticed a golden dragon
 21231 | Vaults:5 | Noticed a golden dragon
 21289 | Vaults:5 | Killed a golden dragon
 21290 | Vaults:5 | Noticed a caustic shrike
 21297 | Vaults:5 | Noticed a golden dragon
 21297 | Vaults:5 | a caustic shrike changed into a golden dragon
 21299 | Vaults:5 | Killed a golden dragon
 21345 | Vaults:5 | Noticed a golden dragon
 21423 | Vaults:5 | Killed a golden dragon
 21587 | Vaults:5 | Reached skill level 15 in Fighting
 21622 | Vaults:5 | Noticed a golden dragon
 21632 | Vaults:5 | Killed a golden dragon
 21654 | Vaults:5 | HP: 4/302 [Ice Fiend/bolt of cold[a lich] (46)]
 21655 | Vaults:5 | Killed from afar by an Ice Fiend

Vault maps used:
D:1:      lightli_arrival_isolated_outpost
D:2:      first_bread
D:3:      grunt_temple_overflow_lords_of_destruction, lightli_corner_chamber
D:5:      nicolae_qazlal_general_emergency
D:6:      minitemple, lemuel_crystal_altar
D:8:      grunt_temple_overflow_growth_and_decay
D:9:      minmay_holes
D:10:     minmay_orc_entry_temple_large, serial_shops, shop
D:11:     dpeg_oklobed_lair, nicolae_trove_entry_crossroad, basic_altar
D:13:     hangedman_pestilent_swarm, uniq_urug
D:14:     david_vaults_1, portal_ice_cave_demonic_guard, serial_bayou_pond_e,
          wad_mini_maze
D:15:     gammafunk_enter_depths_forms, hangedman_decor_peaks_small
Temple:   minmay_temple_curvy_loop
Lair:3:   minmay_snake_entry_guardpost_small, basic_altar,
          roderic_lost_polar_bear
Lair:4:   minmay_swamp_entry_reptiles, patterned_corridor
Lair:5:   mu_elephants_graveyard, slime_altar_1, nicolae_quartered_pool_super,
          wad_woods_river_04, tgw_fedhas
Lair:6:   gammafunk_lair_ancient_temple, special_room,
          nicolae_quartered_pool_medium, lemuel_fruit_tree,
          infiniplex_staircase_pool
Swamp:1:  evilmike_swamp_ruin_house_2, swamp_pool1
Swamp:2:  nicolae_swamp_fairy_circle
Swamp:3:  hangedman_swamp_pad, swamp_pool4
Swamp:4:  swamp_old_school, swamp_pool2, infiniplex_staircase_pool_2
Snake:1:  nicolae_snake_serpentine_hallways, grunt_megastairs_3, uniq_aizul,
          uniq_kirke
Snake:2:  hangedman_snake_sidewinding, serial_bayou_shore_b
Snake:3:  uniq_nikola, uniq_mara, uniq_agnes
Snake:4:  grunt_snake_rune_serpentine_throne, basic_altar, spider_trap,
          eino_curves_01
Slime:1:  basic_altar
Slime:2:  cheibrodos_slime_lost_civilization_6
Slime:4:  nicolae_slime_welcoming_committee
Orc:2:    st_orc_elflike
Elf:1:    evilmike_minifort, minmay_shoptagon
Elf:2:    basic_altar, minmay_shop_grove, uniq_saint_roka
Elf:3:    minmay_elf_hall_furrowed, grunt_megastairs_4, uniq_roxanne
Vaults:1: nicolae_vaults_back_hallway, grunt_vaults_hallway_short,
          nicolae_vaults_border_crossing, dpeg_vaults_monster_row, v_pattern_2,
          nicolae_vaults_little_squares_1, ontoclasm_vaults_hangar,
          grunt_vaults_twisty, hangedman_vaults_impose, v_rooms_3,
          vaults_room_pool, nicolae_vaults_mini_display_case
Vaults:2: nicolae_vaults_network_square, v_pattern_3, v_misc_3,
          dummy_crypt_entry
Vaults:3: v_misc_16, vaults_room_boxed, v_misc_31, v_misc_15, v_misc_23,
          ontoclasm_vaults_claustrophobia, hangedman_vaults_corner_blocks,
          vaults_room_stairs_pillars, nicolae_vaults_what_the_h, v_misc_12,
          hangedman_vaults_maws, nicolae_vaults_three_branches,
          hangedman_vaults_stretched_pinwheel, ontoclasm_vaults_bender,
          serial_shops, bzr_entry_customers, nicolae_shop_stone
Vaults:4: st_more_cells, hangedman_vaults_stretched_pinwheel,
          vaults_room_door_hall, vaults_room_semicircle, v_misc_25,
          nicolae_vaults_little_squares_4, nicolae_vaults_little_squares_5,
          vaults_dpeg_encased_lava, v_misc_4, grunt_vaults_swirl,
          hangedman_vaults_river_flow, nicolae_vaults_circle_grid_b,
          vaults_standard_mumra_x, v_misc_22, serial_shops, shop
Bazaar:   bazaar_jpeg_ribbon
IceCv:    ice_cave_small_demon

Skill      XL: |  1  2  3  4  5  6  7  8  9 10 11 12 13 14 15 16 17 18 19 20 21 |
---------------+----------------------------------------------------------------+-----
Unarmed Combat | 1 3 5 6 7 9 11 13 15 16 | 16.4
Fighting       | 2 5 7 12 15 | 15.0
Dodging        | 3 5 7 8 |  8.7
Invocations    | 1 4 10 | 10.0
Shields        | 2 7 11 14 15 | 15.2
Spellcasting   | 4 5 6 7 |  7.0
Earth Magic    | 4 8 11 | 11.3
Transmutations | 3 7 9 |  9.4
Evocations     | 5 7 |  7.2
Necromancy     | 3 4 |  4.0
Charms         | 3 |  3.3
Short Blades   | |  0.7
Stealth        | |  0.4

Action                   |  1- 3 |  4- 6 |  7- 9 | 10-12 | 13-15 | 16-18 | 19-21 || total
-------------------------+-------+-------+-------+-------+-------+-------+-------++-------
Melee: Unarmed           |    79 |    51 |   262 |   719 |  1389 |  1277 |   940 ||  4717
       Kick              |       |       |    55 |   202 |   393 |   373 |   312 ||  1335
       Punch             |       |       |     8 |    30 |       |       |       ||    38
Throw: Large rock        |       |       |       |       |     3 |     2 |       ||     5
 Cast: Statue Form       |       |       |       |       |       |    49 |    51 ||   100
       Regeneration      |       |       |       |       |       |       |     8 ||     8
       Repel Missiles    |       |       |       |       |       |       |     1 ||     1
 Abil: Evoke Flight      |       |       |       |       |     4 |     1 |       ||     5
       End Transformatio |       |       |       |       |       |     4 |    11 ||    15
Evoke: Wand              |       |     4 |    13 |    10 |     8 |    10 |    13 ||    58
       Phial of floods   |       |       |       |       |       |     1 |       ||     1
       Box of beasts     |       |       |       |       |       |       |     2 ||     2
       Phantom mirror    |       |       |       |       |       |       |     1 ||     1
  Use: Scroll            |     2 |     6 |     1 |    10 |    16 |    23 |     8 ||    66
       Potion            |       |       |     1 |     9 |     6 |    11 |    11 ||    38
 Stab: Betrayed ally     |       |       |     1 |       |       |       |       ||     1
       Confused          |       |       |     1 |       |       |       |       ||     1
       Invisible         |       |       |       |       |       |     4 |       ||     4
       Sleeping          |       |       |       |       |       |     1 |     2 ||     3
       Distracted        |       |       |       |       |       |       |     2 ||     2
  Eat: Chunk             |     7 |     6 |    16 |    42 |    58 |    64 |    47 ||   240
       Beef jerky        |       |       |       |     1 |       |     1 |     1 ||     3
       Pizza             |       |       |       |       |       |     2 |     2 ||     4
       Royal jelly       |       |       |       |       |       |     1 |       ||     1
       Meat ration       |       |       |       |       |       |     3 |       ||     3
       Bread ration      |       |       |       |       |       |       |     5 ||     5
Armor: Robe              |    21 |    11 |       |       |       |    10 |     6 ||    48
       Fire dragon armou |       |    10 |   131 |   116 |   213 |    61 |       ||   531
       Skin              |       |       |     5 |    20 |     3 |   472 |   335 ||   835
       Troll hide        |       |       |       |    59 |    17 |       |       ||    76
Dodge: Dodged            |    46 |    18 |   101 |   250 |   263 |   558 |   549 ||  1785
       Deflected         |       |       |       |       |       |       |     1 ||     1
Block: Large shield      |       |       |       |   191 |   897 |   303 |       ||  1391
       Shield            |       |       |       |       |       |   712 |   867 ||  1579
